 Dungeon Crawl Stone Soup version 0.27.1-33-g824d729ab1 (webtiles) character file.

Game seed: 14146369948661319247

8215 belegose the Schismatic (level 11, -3/78 HPs)
             Began as a Djinni Abyssal Knight on Dec 8, 2021.
             Was an Elder of Lugonu.
             Slain by a killer bee (7 damage)
             ... on level 8 of the Dungeon.
             The game lasted 00:38:19 (15054 turns).

belegose the Schismatic (Djinni Abyssal Knight)    Turns: 15054, Time: 00:38:20

Health: -3/78      AC:  9    Str: 13    XL:     11   Next: 51%
Gold:   381        EV: 15    Int: 15    God:    Lugonu [****..] SH:  0 Dex: 14

rFire    + + +     SeeInvis .   b - +0 dagger (venom)
rCold    x . .     Faith    .   (no shield)
rNeg     + . .     Spirit   .   E - +0 steam dragon scales
rPois    ∞         Reflect  .   (no helmet)
rElec    .         Harm     .   v - +2 cloak
rCorr    +         Rampage  .   C - +0 pair of gloves
Will     +....                  (boots unavailable)
Stlth    +.........             (no amulet)
HPRegen  0.23/turn              y - +6 ring of strength
MPRegen  0.00/turn              H - ring of Descent {rF++ rN+ rCorr Str-5}

@: flying
A: sickness immunity, fire resistance 2, cold vulnerability 1, float, innate
caster, hp casting, extra vitality 1
a: Renounce Religion, Depart the Abyss, Bend Space, Banish, Corrupt


You were on level 8 of the Dungeon.
You worshipped Lugonu.
Lugonu was greatly pleased with you.
You visited 2 branches of the dungeon, and saw 9 of its levels.
You visited the Abyss 1 time.

You collected 381 gold pieces.

Inventory:

Hand Weapons
 a - the +11 glaive "Cecva" {vorpal, rPois Int+10 Stlth-}
   (You found it on level 8 of the Dungeon)

   It inflicts extra damage upon your enemies.
   Int:       It affects your intelligence (+10).
   rPois:     It protects you from poison.
   Stlth:     It makes you less stealthy.
 b - a +0 dagger of venom (weapon)
 w - the +7 quarterstaff "Mosonnid" {spect, +Blink Will+}
   (You found it on level 6 of the Dungeon)

   When its wielder attacks, the weapon's spirit leaps out and strikes again.
   The spirit shares a part of any damage it takes with its wielder.
   +Blink:    It lets you blink.
   Will:      It increases your willpower.
Missiles
 d - 338 stones
 l - 57 poisoned darts (quivered)
 m - a throwing net
 q - 4 curare-tipped darts
 u - 7 boomerangs
Armour
 v - a +2 cloak (worn)
 C - a +0 pair of gloves (worn)
 E - +0 steam dragon scales (worn)
Jewellery
 y - a +6 ring of strength (left hand)
 F - a ring of ice
 H - the ring of Descent (right hand) {rF++ rN+ rCorr Str-5}
   (You found it on level 8 of the Dungeon)

   [ring of positive energy]

   Str:       It affects your strength (-5).
   rF:        It greatly protects you from fire.
   rN:        It protects you from negative energy.
   rCorr:     It protects you from acid and corrosion.
Wands
 i - a wand of acid (1)
 o - a wand of flame (29)
 z - a wand of charming (4)
Scrolls
 f - 5 scrolls of amnesia {unknown}
 j - 2 scrolls of immolation {unknown}
 k - 2 scrolls of teleportation {unknown}
 p - 2 scrolls of enchant armour {unknown}
 r - a scroll of summoning {unknown}
 x - a scroll of silence {unknown}
 A - a scroll of fear {unknown}
 B - 2 scrolls of holy word {unknown}
 D - a scroll of vulnerability {unknown}
 G - a scroll of noise {unknown}
Potions
 c - a potion of haste
 e - a potion of might
 g - 2 potions of heal wounds
 h - 2 potions of curing
 n - 2 potions of lignification
 s - 4 potions of brilliance
 t - 2 potions of resistance


   Skills:
 - Level 6.6 Fighting
 - Level 3.3(4.2) Short Blades
 - Level 3.8(4.5) Long Blades
 + Level 0.9(1.9) Polearms
 - Level 3.0(3.1) Staves
 - Level 3.0 Armour
 + Level 7.4 Dodging
 + Level 5.4 Spellcasting
 + Level 7.8 Invocations
 + Level 7.3 Evocations


You had 5 spell levels left.
You knew the following spells:

 Your Spells              Type           Power      Damage    Failure   Level
a - Apportation           Tloc           40%        N/A       1%          1
b - Blink                 Tloc           N/A        N/A       2%          2
c - Portal Projectile     Hex/Tloc       40%        N/A       4%          3
d - Fulminant Prism       Conj/Hex       10%        3d9       16%         4
e - Freezing Cloud        Conj/Ice/Air   10%        6-21      41%         5
Your spell library was empty.

Dungeon Overview and Level Annotations

Branches:
Dungeon (8/15)             Temple (1/1) D:7
   Lair: D:8-11

Altars:
Ashenzari
Elyvilon
Gozag
Hepliaklqana
Makhleb
Nemelex Xobeh
Qazlal
Xom
Yredelemnul
Zin
The Shining One

Shops:
D:2 =

Annotations:
D:2 1 runed translucent door, exclusion: door, Crazy Yiuf


Innate Abilities, Weirdness & Mutations

You are immune to sickness and miasma.
You are immune to poison.
Your flesh is very heat resistant. (rF++)
You are vulnerable to cold. (rC-)
You float through the air rather than walking.
You learn spells naturally, not from books.
Your magical power is your life essence.
You have superior vitality. (+4 HP)


Message History

Lugonu accepts your kill.
Reactivating autopickup.
You feel a bit more experienced. The orc hits you with a +0 hand axe.
* * * LOW HITPOINT WARNING * * *
You closely miss the orc. The orc misses you.
An orc comes into view. It is wielding a +0 flail.
You closely miss the orc.
A killer bee comes into view.
The orc barely misses you. The orc closely misses you.
The killer bee moves out of view.
You slash the orc!
You kill the orc!
Lugonu accepts your kill. The killer bee closely misses you.
The killer bee barely misses you. The orc barely misses you.
The killer bee closely misses you. The killer bee completely misses you.
Your +0 dagger of venom begins to drip with poison!
b - a +0 dagger of venom (weapon)
The killer bee stings you.
* * * LOW HITPOINT WARNING * * *
You miss the killer bee. The killer bee misses you.
You closely miss the killer bee.
The killer bee stings you but does no damage.
The killer bee closely misses you.
You hit the killer bee but do no damage.
The killer bee is poisoned.
The killer bee stings you but does no damage.
The killer bee closely misses you.
You closely miss the killer bee.
The killer bee is lightly wounded.
The killer bee stings you.
* * * LOW HITPOINT WARNING * * *
Unknown command.
The killer bee stings you!
* * * LOW HITPOINT WARNING * * *
You barely miss the killer bee.
The killer bee is heavily wounded.
The killer bee stings you but does no damage.
The killer bee stings you!
You die...

...#.....# ##..#.#.######).#.###[
#######..# #.##.##.##..#!#......#
#######..###.#.#..##†#..####....)
.........##.##.#####.#...# #..###
.>.......##.###..##.###### ##..##
..........##.####..## ##..#
###..##....##..##### #..
.##..##.....###.### ###
.....+......#...@.# ##.
.....#......#.###y# #.#
.##..##...#.##†o.## #..
.##..##.....#.###)# #.#
.##..#####..#..D.†# ##.
###..#......###.### ###
#...'.....##..#. ##..
#####....##.n# #o ##.##
#.......##..# #. ##..##


You could see a killer bee (very poisoned).

Vanquished Creatures
  A cyclops (D:8)
  Maggie (D:7)
  A troll (D:5)
  Grinder (D:3)
  9 yaks
  A vampire (D:8)
  A wraith (D:8)
  2 steam dragons (D:8)
  An acid dragon (D:8)
  An ice beast (D:6)
  5 water moccasins
  An orc warrior (D:6)
  3 sky beasts
  2 black bears
  4 necrophages
  2 ogres (D:6)
  2 kobold brigands
  3 bullfrogs
  A gnoll sergeant (D:5)
  2 scorpions (D:6)
  A wyvern zombie (D:6)
  8 killer bees
  5 wights
  A vampire bat (D:6)
  6 howler monkeys
  2 centaur zombies
  5 bullfrog zombies
  An orc priest (D:8)
  A hound (D:4)
  3 jellies
  3 bullfrog skeletons
  Jessica (D:2)
  4 iguanas
  6 orc wizards
  2 killer bee zombies (D:6)
  A howler monkey skeleton (D:6)
  11 adders
  20 gnolls
  A shadow imp (D:7)
  A white imp (D:4)
  3 ufetubi
  2 adder skeletons (D:4)
  2 worms (D:2)
  A dart slug (D:4)
  19 orcs
  12 bats
  4 endoplasms
  5 giant cockroaches
  7 goblins
  6 hobgoblins
  5 jackals
  11 kobolds
  3 quokkas
  3 ball pythons
  A frilled lizard (D:2)
  5 rats
216 creatures vanquished.

Vanquished Creatures (others)
  An orc (D:8)
1 creature vanquished.

Grand Total: 217 creatures vanquished

Notes
Turn   | Place    | Note
-------+----------+-------------------------------------------
     0 | Abyss:1  | belegose the Djinni Abyssal Knight began the quest for the
                  | Orb.
     0 | Abyss:1  | Reached XP level 1. HP: 20/20 MP: 0/0
    29 | Abyss:1  | Noticed a small abomination
    31 | Abyss:1  | Noticed a small abomination
    37 | D:1      | Escaped the Abyss
   348 | D:1      | Reached XP level 2. HP: 25/25 MP: 0/0
   399 | D:1      | Reached * piety under Lugonu
   837 | D:1      | Reached XP level 3. HP: 29/30 MP: 0/0
   837 | D:1      | Learned a level 1 spell: Apportation
   966 | D:1      | Found a faded altar of an unknown god.
  1203 | D:2      | Found Xonaopp's Jewellery Emporium.
  1387 | D:2      | Noticed Jessica
  1439 | D:2      | Killed Jessica
  1440 | D:2      | Reached XP level 4. HP: 30/35 MP: 0/0
  1935 | D:2      | Found a runed translucent door.
  1936 | D:2      | Noticed Crazy Yiuf
  1966 | D:2      | Reached XP level 5. HP: 39/40 MP: 0/0
  1966 | D:2      | Learned a level 2 spell: Blink
  2666 | D:3      | Reached ** piety under Lugonu
  3738 | D:3      | Noticed Grinder
  3742 | D:3      | Paralysed by Grinder for 4 turns
  4019 | D:3      | Paralysed by Grinder for 6 turns
  4384 | D:4      | Reached skill level 1 in Evocations
  4495 | D:4      | Reached XP level 6. HP: 47/47 MP: 0/0
  4559 | D:4      | Reached skill level 1 in Spellcasting
  5251 | D:4      | Reached XP level 7. HP: 44/52 MP: 0/0
  5251 | D:4      | Learned a level 3 spell: Portal Projectile
  5300 | D:4      | You are sucked into a shaft and drop 2 floors!
  5301 | D:6      | Noticed a water moccasin
  5313 | D:6      | Killed a water moccasin
  5328 | D:5      | Entered Level 5 of the Dungeon
  6090 | D:4      | Reached XP level 8. HP: 51/58 MP: 0/0
  7685 | D:5      | Noticed a troll
  7746 | D:5      | Reached *** piety under Lugonu
  7853 | D:5      | Reached skill level 5 in Fighting
  7853 | D:5      | Reached skill level 5 in Dodging
  8452 | D:5      | Killed a troll
  8453 | D:5      | Reached skill level 1 in Short Blades
  8817 | D:5      | Reached XP level 9. HP: 39/65 MP: 0/0
  8817 | D:5      | Learned a level 4 spell: Fulminant Prism
  9764 | D:6      | Reached skill level 5 in Invocations
 10045 | D:6      | Noticed a gargoyle
 10046 | D:6      | Banished a gargoyle
 10563 | D:6      | Identified the +7 quarterstaff "Mosonnid" {spect, +Blink
                  | Will+}
 10643 | D:6      | Identified the +0 leather armour "Zenyofoa" {Str-3 Int+4
                  | Dex+4}
 10940 | D:6      | Reached skill level 1 in Staves
 10940 | D:6      | Reached XP level 10. HP: 72/72 MP: 0/0
 10991 | D:6      | Reached **** piety under Lugonu
 10992 | D:6      | Reached skill level 5 in Evocations
 11725 | D:7      | Noticed Maggie
 11732 | D:7      | Killed Maggie
 11788 | D:7      | Found an opulent altar of Gozag.
 11814 | D:7      | Found a staircase to the Ecumenical Temple.
 11828 | Temple   | Entered the Ecumenical Temple
 11890 | D:7      | Found a basalt altar of Yredelemnul.
 11956 | D:7      | Found a white marble altar of Elyvilon.
 12315 | D:7      | Found a hazy altar of Hepliaklqana.
 12449 | D:3      | Killed Grinder
 13734 | D:8      | Reached XP level 11. HP: 48/78 MP: 0/0
 13734 | D:8      | Learned a level 5 spell: Freezing Cloud
 14201 | D:8      | Noticed a cyclops
 14227 | D:8      | Killed a cyclops
 14228 | D:8      | Reached skill level 5 in Spellcasting
 14406 | D:8      | Found a glowing silver altar of Zin.
 14414 | D:8      | Found a glowing golden altar of the Shining One.
 14419 | D:8      | Found a stormy altar of Qazlal.
 14426 | D:8      | Found a shimmering altar of Xom.
 14432 | D:8      | Found a burning altar of Makhleb.
 14443 | D:8      | Found a broken altar of Ashenzari.
 14450 | D:8      | Found a sparkling altar of Nemelex Xobeh.
 14642 | D:8      | Noticed a six-headed hydra
 14668 | D:8      | Banished a six-headed hydra
 14843 | D:8      | Identified the +11 glaive "Cecva" {vorpal, rPois Int+10
                  | Stlth-}
 14853 | D:8      | Identified the ring of Descent {rF++ rN+ rCorr Str-5}
 15054 | D:8      | Slain by a killer bee

Illustrated notes

Levels and vault maps discovered:
D:1:      minmay_arrival_semitransparent, layout_basic,
          dilly_ecumenical_altar_fadedgnrine, minivault_24
D:2:      layout_basic, serial_shops, shop, minmay_misc_feat_columns,
          uniq_crazy_yiuf_cottage, uniq_jessica
D:3:      layout_loops_corners, columned_hall_lemuel, uniq_grinder
D:4:      layout_cave_pods
D:5:      layout_loops_ring, kennysheep_nondescript
D:6:      minmay_inner_zag, layout_basic, roderic_batcave,
          minmay_alternating_orb
D:7:      layout_loops_cross, kennysheep_ying_yang,
          mainiacjoe_overflow_chevrons, worldfamousw_hep_ancestral_shrine,
          minmay_temple_entry_large_hall, grunt_decor_one_mirror, uniq_maggie
D:8:      minmay_the_grid_octo_tiled_octocenter
          [minmay_the_grid_octo_checkerflower, minmay_the_grid_octo_pinwheel,
          minmay_the_grid_octo_fan_narrow, minmay_the_grid_octo_thin_diamonds,
          minmay_the_grid_octo_prize_square_snowflake,
          minmay_the_grid_square_5x5_tri_point,
          minmay_the_grid_square_5x5_inverted_slash,
          minmay_the_grid_square_5x5_sharp_hourglass,
          minmay_the_grid_square_5x5_z], layout_gridville,
          grunt_temple_overflow_octagram
Temple:   jpeg_temple_clearing

Skill      XL: |  1  2  3  4  5  6  7  8  9 10 11 |
---------------+----------------------------------+-----
Invocations    | 2 3 4 5 6 7 |  7.8
Long Blades    | 2 3 |  3.8
Dodging        | 3 4 5 6 7 |  7.4
Evocations     | 1 2 3 4 6 7 |  7.3
Fighting       | 4 5 6 |  6.6
Spellcasting   | 1 2 3 4 5 |  5.4
Short Blades   | 1 2 3 |  3.3
Staves         | 1 3 |  3.0
Armour         | 3 |  3.0
Polearms       | |  0.9

Action                   |  1- 3 |  4- 6 |  7- 9 | 10-12 || total
-------------------------+-------+-------+-------+-------++-------
Melee: Falchion          |    74 |    98 |   148 |       ||   320
       Dagger            |       |    71 |   290 |    86 ||   447
       Quarterstaff      |       |       |    20 |   103 ||   123
       Scimitar          |       |       |       |     1 ||     1
       Glaive            |       |       |       |    36 ||    36
Throw: Stone             |     6 |     8 |     1 |       ||    15
       Dart              |       |     3 |    52 |    10 ||    65
       Boomerang         |       |       |     5 |     8 ||    13
Invok: Depart the Abyss  |     1 |       |       |       ||     1
       Banish            |       |       |     1 |     1 ||     2
Evoke: Wand              |       |       |     3 |    10 ||    13
  Use: Potion            |       |     1 |       |       ||     1
       Scroll            |       |       |     6 |     3 ||     9
 Stab: Sleeping          |       |       |     2 |       ||     2
       Distracted        |       |       |     1 |     1 ||     2
Armor: Leather armour    |     9 |    19 |   180 |    10 ||   218
       Skin              |       |     3 |       |       ||     3
       Steam dragon scal |       |       |       |    56 ||    56
Dodge: Dodged            |    50 |   114 |   463 |   190 ||   817
       Rpst.: Falchion   |    18 |    21 |    40 |       ||    79
